 Dungeon Crawl Stone Soup version 0.26-a0-663-g36e8fdb655 (webtiles) character file.

Game seed: 11742257878489446902

256 Napalmbreeze the Covert (level 6, -2/53 HPs)
             Began as a Gnoll Delver on Oct 12, 2020.
             Slain by Grinder (6 damage)
             ... on level 2 of the Dungeon.
             The game lasted 00:07:01 (3205 turns).

Napalmbreeze the Covert (Gnoll Delver)              Turns: 3205, Time: 00:07:01

Health: -2/53      AC: 13    Str: 15    XL:     6   Next: 16%
Magic:  8/8        EV:  8    Int: 13    God:
Gold:   87         SH:  0    Dex: 17    Spells: 8/8 levels left

rFire    . . .     SeeInvis .   a - +0 spear
rCold    + . .     Faith    .   (no shield)
rNeg     . . .     Spirit   .   s - +4 chain mail {rC+}
rPois    .         Reflect  .   m - +0 helmet
rElec    .         Harm     .   (no cloak)
rCorr    .         Rampage  .   (no gloves)
MR       .....                  (no boots)
Stlth    +.........             (no amulet)
HPRegen  0.17/turn              (no ring)
MPRegen  0.11/turn              (no ring)

@: lightly drained
A: distributed training, fangs 1, strong nose
a: no special abilities


You were on level 2 of the Dungeon.
You visited 1 branch of the dungeon, and saw 5 of its levels.

You collected 87 gold pieces.

Inventory:

Hand Weapons
 a - a +0 spear (weapon)
 j - a +0 dagger of electrocution
Armour
 m - a +0 helmet (worn)
 s - a +4 chain mail of cold resistance (worn)
Wands
 g - a wand of digging (3)
Scrolls
 b - a scroll of immolation {unknown}
 c - a scroll of fog
 d - a scroll of magic mapping
 e - a scroll of fear
 h - 3 scrolls of identify {unknown}
 k - 2 scrolls of noise {unknown}
 l - 3 scrolls of remove curse
 p - 2 scrolls of teleportation {unknown}
 q - a scroll of enchant weapon {unknown}
 u - a scroll of enchant armour {unknown}
Potions
 f - a potion of haste
 i - a potion of stabbing {unknown}
 n - a potion of degeneration {unknown}
 o - a potion of mutation {unknown}
 r - a potion of lignification {unknown}
 t - a potion of heal wounds {unknown}


   Skills:
 + Level 6.8 Fighting
 + Level 1.8 Short Blades
 + Level 1.8 Long Blades
 + Level 1.8 Axes
 + Level 1.8 Maces & Flails
 + Level 4.9 Polearms
 + Level 1.8 Staves
 + Level 1.8 Slings
 + Level 1.8 Bows
 + Level 1.8 Crossbows
 + Level 1.8 Throwing
 + Level 1.8 Armour
 + Level 4.9 Dodging
 + Level 9.7 Stealth
 + Level 1.8 Shields
 + Level 1.8 Unarmed Combat
 + Level 1.8 Spellcasting
 + Level 1.4 Conjurations
 + Level 1.4 Hexes
 + Level 1.4 Summonings
 + Level 1.4 Necromancy
 + Level 1.4 Translocations
 + Level 1.4 Transmutations
 + Level 1.4 Fire Magic
 + Level 1.4 Ice Magic
 + Level 1.4 Air Magic
 + Level 1.4 Earth Magic
 + Level 1.4 Poison Magic
 + Level 2.0 Invocations
 + Level 1.8 Evocations


You had 8 spell levels left.
You didn't know any spells.
Your spell library was empty.

Dungeon Overview and Level Annotations

Branches:
Dungeon (5/15)
 Temple: D:4-7

Altars:
Nemelex Xobeh
Uskayaw

Annotations:
D:2 Grinder
D:4 Eustachio


Innate Abilities, Weirdness & Mutations

Your experience applies equally to all skills.
You have very sharp teeth.
Your uncanny sense of smell can sniff out nearby items.


Message History

Grinder blinks!
Grinder blinks!
Grinder gestures at you.
You barely resist.
You start resting.
Grinder is nearby!
You closely miss Grinder. You bite Grinder, but do no damage.
Grinder is severely wounded.
You hit Grinder. You bite Grinder, but do no damage.
Grinder is severely wounded.
Grinder barely misses you.
You hit Grinder.
Grinder is almost dead.
Grinder hits you but does no damage.
You hit Grinder but do no damage.
Grinder is almost dead.
Grinder hits you.
* * * LOW HITPOINT WARNING * * *
You writhe in agony.
You die...

#.....##.....####.
#.###>.......#####
#########.#........####...
##...#...###.##.....###....
###..)......##.##.........<##
#...†......._#.##......##.##
#.#.........##5##.....#...#
#.##...#...###.##.......###
#.##########@#.##.....###
#(...........5.##.....#
#################.....#
#.....# #######


You could see Grinder.

Vanquished Creatures
  An ogre (D:2)
  An orc priest (D:5)
  An orc wizard (D:4)
  Terence (D:2)
  An adder (D:2)
  3 worms
  3 dart slugs (D:1)
  2 leopard geckos
  2 orcs
  3 giant cockroaches
  7 goblins
  8 hobgoblins
  3 jackals (D:2)
  3 quokkas
  A ball python (D:1)
  5 bats
  4 frilled lizards
  5 kobolds
  6 rats
60 creatures vanquished.

Vanquished Creatures (others)
  4 plants (D:3)
4 creatures vanquished.

Grand Total: 64 creatures vanquished

Notes
Turn   | Place    | Note
-------+----------+-------------------------------------------
     0 | D:5      | Reached skill level 9 in Stealth
     0 | D:5      | Napalmbreeze the Gnoll Delver began the quest for the Orb.
     0 | D:5      | Reached XP level 1. HP: 23/23 MP: 1/1
    13 | D:5      | Noticed a hound
    25 | D:5      | Noticed a sky beast
    44 | D:5      | Noticed a wyvern
    46 | D:4      | Noticed an ogre
    63 | D:3      | Noticed Grinder
   163 | D:2      | Reached XP level 2. HP: 29/29 MP: 2/2
   181 | D:2      | Found a hide-covered altar of Uskayaw.
   484 | D:1      | Reached XP level 3. HP: 35/35 MP: 3/3
   968 | D:1      | Reached skill level 1 in Invocations
  1252 | D:2      | Reached skill level 1 in Short Blades
  1252 | D:2      | Reached skill level 1 in Long Blades
  1252 | D:2      | Reached skill level 1 in Axes
  1252 | D:2      | Reached skill level 1 in Maces & Flails
  1252 | D:2      | Reached skill level 1 in Staves
  1252 | D:2      | Reached skill level 1 in Slings
  1252 | D:2      | Reached skill level 1 in Bows
  1252 | D:2      | Reached skill level 1 in Crossbows
  1252 | D:2      | Reached skill level 1 in Throwing
  1252 | D:2      | Reached skill level 1 in Armour
  1252 | D:2      | Reached skill level 1 in Shields
  1252 | D:2      | Reached skill level 1 in Unarmed Combat
  1252 | D:2      | Reached skill level 1 in Spellcasting
  1252 | D:2      | Reached skill level 1 in Evocations
  1252 | D:2      | Reached XP level 4. HP: 30/41 MP: 5/5
  1502 | D:2      | Noticed Terence
  1565 | D:2      | Killed Terence
  1565 | D:2      | Reached skill level 1 in Conjurations
  1565 | D:2      | Reached skill level 1 in Hexes
  1565 | D:2      | Reached skill level 1 in Summonings
  1565 | D:2      | Reached skill level 1 in Necromancy
  1565 | D:2      | Reached skill level 1 in Translocations
  1565 | D:2      | Reached skill level 1 in Transmutations
  1565 | D:2      | Reached skill level 1 in Fire Magic
  1565 | D:2      | Reached skill level 1 in Ice Magic
  1565 | D:2      | Reached skill level 1 in Air Magic
  1565 | D:2      | Reached skill level 1 in Earth Magic
  1565 | D:2      | Reached skill level 1 in Poison Magic
  1850 | D:2      | Found a sparkling altar of Nemelex Xobeh.
  2224 | D:3      | You fall into a shaft and drop 1 floor!
  2507 | D:5      | Reached XP level 5. HP: 32/47 MP: 5/7
  2641 | D:4      | Noticed Eustachio
  2752 | D:5      | Noticed a centaur
  2752 | D:5      | Noticed a centaur
  2941 | D:2      | Killed an ogre
  2941 | D:2      | Reached XP level 6. HP: 20/53 MP: 8/8
  3148 | D:3      | Paralysed by Grinder for 4 turns
  3205 | D:2      | Slain by Grinder

Illustrated notes

Levels and vault maps discovered:
D:1:      eino_arrival_tree_alley, layout_loops_corners,
          minmay_misc_feat_more_columns, minmay_tromino_v2
D:2:      layout_rooms, marbit_many_paths, nemelex_altar_shiori, uniq_terence
D:3:      layout_loops_cross, okawaru_metal_pillars_3, guppyfry_early_lair_pool,
          uniq_grinder
D:4:      layout_rooms, grunt_gozag_statues, gup_sewer_entry_bubbles,
          uniq_eustachio
D:5:      layout_basic, kennysheep_little_box, uniq_pikel

Skill      XL: |  1  2  3  4  5 |
---------------+----------------+-----
Stealth        | |  9.7
Invocations    | 1 2 |  2.0
Short Blades   | 1 |  1.8
Long Blades    | 1 |  1.8
Axes           | 1 |  1.8
Maces & Flails | 1 |  1.8
Staves         | 1 |  1.8
Slings         | 1 |  1.8
Bows           | 1 |  1.8
Crossbows      | 1 |  1.8
Throwing       | 1 |  1.8
Armour         | 1 |  1.8
Shields        | 1 |  1.8
Unarmed Combat | 1 |  1.8
Spellcasting   | 1 |  1.8
Evocations     | 1 |  1.8
Conjurations   | 1 |  1.4
Hexes          | 1 |  1.4
Summonings     | 1 |  1.4
Necromancy     | 1 |  1.4
Translocations | 1 |  1.4
Transmutations | 1 |  1.4
Fire Magic     | 1 |  1.4
Ice Magic      | 1 |  1.4
Air Magic      | 1 |  1.4
Earth Magic    | 1 |  1.4
Poison Magic   | 1 |  1.4
Fighting       | |  6.8
Polearms       | |  4.9
Dodging        | |  4.9

Action                   |  1- 3 |  4- 6 || total
-------------------------+-------+-------++-------
Melee: Spear             |   112 |   230 ||   342
       Bite              |     9 |    24 ||    33
       Punch             |       |     2 ||     2
  Use: Scroll            |       |     1 ||     1
 Stab: Sleeping          |    19 |     1 ||    20
       Distracted        |       |     1 ||     1
Armor: Leather armour    |     6 |     6 ||    12
       Chain mail        |       |    66 ||    66
Dodge: Dodged            |    43 |   100 ||   143

Table legend: (Time is in decaauts)
 A = Elapsed time spent in this place.
 B = Non-inter-level travel time spent in this place.
 C = Inter-level travel time spent in this place.
 D = Time resting spent in this place.
 E = Time spent auto-exploring this place.
 F = Levels seen in this place.
 G = Mean time per level.
                   A        B        C        D        E       F      G
               +--------+--------+--------+--------+--------+-----+--------+
         Total |   3169 |   3051 |    118 |    887 |   1154 |   5 |  633.8 |
       Dungeon |   3169 |   3051 |    118 |    887 |   1154 |   5 |  633.8 |
               +--------+--------+--------+--------+--------+-----+--------+

Top non-repeatable levels by time:
     D:2: 1359 daAuts
     D:1: 899 daAuts
     D:5: 435 daAuts
     D:3: 311 daAuts
     D:4: 164 daAuts
